 Dungeon Crawl Stone Soup version 0.18.1-8-gdd0e5ea (webtiles) character file.

25980 raph the Basher (level 12, 0/109 HPs)
             Began as a Deep Dwarf Necromancer on May 28, 2016.
             Was the Champion of Makhleb.
             Shot with an arrow by Nessos (5 damage)
             ... on level 7 of the Lair of Beasts.
             The game lasted 00:54:27 (20883 turns).

raph the Basher (Deep Dwarf Necromancer)           Turns: 20883, Time: 00:54:27

Health: 0/109      AC: 10    Str: 14    XL:     12   Next: 94%
Magic:  4/20       EV: 16    Int: 19    God:    Makhleb [******]
Gold:   397        SH:  5    Dex: 13    Spells: 7 memorised, 4 levels left

rFire  . . .     SeeInvis +     e - +2 whip (elec)
rCold  . . .     Gourm    .     G - +0 leather armour
rNeg   . . .     Faith    +     R - +0 buckler "Izymi" {rElec rCorr SInv Stlth-}
rPois  .         Spirit   .     (no helmet)
rElec  +         Dismiss  .     I - +1 cloak
rCorr  +         Reflect  .     (no gloves)
SustAt +         Harm     .     F - +0 pair of boots
MR     +....                    H - amulet of faith
Stlth  +.........               Q - ring of sustain attributes
                                o - +3 ring of protection

@: lethally poisoned (0 -> 0), very slightly contaminated, non-regenerating,
hasted, very quick, somewhat resistant to hostile enchantments, very unstealthy
A: damage resistance, recharge devices, sense surroundings 2, slow regeneration
3
a: Device Recharging, Minor Destruction, Lesser Servant of Makhleb, Major
Destruction, Greater Servant of Makhleb, Renounce Religion


You were on level 7 of the Lair of Beasts.
You worshipped Makhleb.
Makhleb was exalted by your worship.
You were hungry.

You visited 3 branches of the dungeon, and saw 16 of its levels.

You collected 663 gold pieces.
You spent 266 gold pieces at shops.

Inventory:

Hand Weapons
 e - a +2 whip of electrocution (weapon)
 v - a +0 whip of flaming
 C - a +2 whip of venom
 E - a +0 flail of protection
 P - a +0 morningstar
Missiles
 B - 7 tomahawks of returning (quivered)
Armour
 a - a +0 robe
 F - a +0 pair of boots (worn)
 G - a +0 leather armour (worn)
 I - a +1 cloak (worn)
 R - the +0 buckler "Izymi" (worn) {rElec rCorr SInv Stlth-}
   (You found it on level 3 of the Lair of Beasts)

   It insulates you from electricity.
   It lets you see invisible.
   It protects you from acid and corrosion.
   It makes you less stealthy.
Jewellery
 h - an uncursed ring of protection from cold
 o - a +3 ring of protection (left hand)
 H - an amulet of faith (around neck)
 Q - a ring of sustain attributes (right hand)
Wands
 c - a wand of heal wounds (1/9)
 l - a wand of slowing (15/48)
 m - a wand of polymorph (11/24)
 s - a wand of iceblast (8/15)
 K - a wand of flame (34/48)
 M - a wand of iceblast (9/15)
 U - a wand of random effects (17/48)
 W - a wand of iceblast (10/15)
Scrolls
 j - 3 scrolls of recharging
 k - 2 scrolls of fear
 n - 8 scrolls of remove curse
 r - 6 scrolls of teleportation
 w - 2 scrolls of amnesia
 y - 6 scrolls of magic mapping
 D - 6 scrolls of identify
 L - 2 scrolls of fog
 X - a scroll of holy word
Potions
 g - 7 potions of curing
 i - 7 potions of flight
 p - 3 potions of brilliance
 q - 2 potions of cancellation
 u - 2 potions of magic
 x - 3 potions of agility
 z - 4 potions of heal wounds
 A - a potion of cure mutation
 N - 2 potions of resistance
 S - a potion of lignification
Books
 b - a book of Necromancy

   Spells                             Type                      Level
   a - Pain                           Necromancy                   1
   b - Animate Skeleton               Necromancy                   1
   c - Vampiric Draining              Necromancy                   3
   d - Regeneration                   Charms/Necromancy            3
   e - Animate Dead                   Necromancy                   4
   f - Control Undead                 Necromancy                   4
 J - a book of Spatial Translocations

   Spells                             Type                      Level
   a - Apportation                    Translocation                1
   b - Blink                          Translocation                2
   c - Shroud of Golubria             Charms/Translocation         2
   d - Portal Projectile              Translocation                3
   e - Teleport Other                 Translocation                3
   f - Passage of Golubria            Translocation                4
Comestibles
 d - 9 bread rations
 f - 7 meat rations
 t - 23 fruits
 O - a beef jerky
 V - a royal jelly


   Skills:
 + Level 7.4 Fighting
 * Level 10.4 Maces & Flails
 - Level 5.7 Armour
 + Level 9.5 Dodging
 - Level 3.0 Stealth
 + Level 5.2 Shields
 + Level 5.4 Spellcasting
 + Level 1.0 Charms
 + Level 10.1 Necromancy
 + Level 4.5 Translocations
 + Level 7.7 Invocations
 + Level 7.0 Evocations


You had 4 spell levels left.
You knew the following spells:

 Your Spells              Type           Power        Failure   Level  Hunger
a - Pain                  Necr           ####         1%          1    None
b - Animate Skeleton      Necr           N/A          1%          1    None
c - Vampiric Draining     Necr           #####.....   1%          3    ##.....
d - Control Undead        Necr           #####.....   2%          4    ####...
e - Animate Dead          Necr           N/A          2%          4    ####...
f - Blink                 Tloc           N/A          4%          2    None
g - Shroud of Golubria    Chrm/Tloc      ###.......   10%         2    None


Dungeon Overview and Level Annotations

Branches:
Dungeon (8/15)             Temple (1/1) D:5            Lair (7/8) D:8
 Shoals (0/4) Lair:3        Snake (0/4) Lair:6        Slime (0/6) Lair:7

Altars:
Ashenzari
Cheibriados
Dithmenos
Elyvilon
Gozag
Kikubaaqudgha
Makhleb
Nemelex Xobeh
Okawaru
Pakellas
Qazlal
Vehumet
Xom
Yredelemnul
Zin
The Shining One
Jiyva

Shops:
D:8 !

Annotations:
D:7 Prince Ribbit
Lair:5 IjonTichy1's ghost, journeyman DsAK
Lair:7 Nessos


Innate Abilities, Weirdness & Mutations

You are resistant to damage.
You can recharge devices by infusing magical energy.
You passively map the area around you.
You do not regenerate naturally.


Message History

Your quasit bites the sheep but does no damage.
Your quasit claws the sheep. x2; Nessos shoots an arrow.
The arrow hits you!
* * * LOW HITPOINT WARNING * * *
The arrow burns you.
You are lethally poisoned!
The sheep closely misses you.
Your neqoxec hits the fungus!
Evoke which item? (* to show all) (? for menu, Esc to quit)
Zapping:
c - a wand of heal wounds (2/9)
Press: ? - help, Shift-Dir - straight line, f - you, p - Nessos You feel much better.
This wand has 1 charge left.
* * * LOW HITPOINT WARNING * * *
You feel sick.
Nessos shoots an arrow.
The arrow misses you.
Your quasit bites the sheep.
Your quasit barely misses the sheep.
Your quasit claws the sheep but does no damage.
Drink which item? (? for menu, Esc to quit)
You feel better.
Nessos shoots an arrow.
The arrow hits you!!
* * * LOW HITPOINT WARNING * * *
The arrow burns you!
You are poisoned.
You die...

##P.......§.......
##..(†........... ,
#................# *
, ##......(........#*
* #...#.#P........#*
* ***
#..#.#..c.......# ,
**
##.#.....†.+......*,
* #P.......Y(#......
, ,
#.......5Z@P.....# ,
##......#33....... *
* ,
##.P.#.#.(.......#
#........(.......P ,
, ##..........(.....
, ,,,,
##..........?......,,
#.................. ,
##..P#...#.........
,, , ##...#..##* , ,,
,,


You could see Nessos, a sheep, 2 friendly neqoxecs, a friendly quasit and a
friendly crocodile zombie.

Vanquished Creatures
  3 hydras
  Pikel (D:7)
  6 black mambas
  7 elephants (Lair:6)
  7 spiny frogs
  A rime drake (Lair:2)
  8 komodo dragons
  A polar bear (Lair:5)
  A boulder beetle (Lair:5)
  4 blink frogs
  2 orc warriors
  A spriggan (D:7)
  15 yaks
  A wyvern (Lair:2)
  8 hippogriffs
  A steam dragon (D:8)
  A naga (Lair:6)
  Edmund (D:6)
  13 water moccasins
  A hell hound (D:8)
  6 porcupines
  2 ice beasts
  Duvessa (D:6)
  An ogre (D:8)
  13 wolves
  3 centaurs
  11 crocodiles
  A big kobold (D:7)
  10 giant frogs
  A scorpion (D:6)
  3 howler monkeys
  2 electric eels (Lair:7)
  A centaur zombie (D:8)
  A crimson imp (D:5)
  8 hounds
  A jelly (D:8)
  2 orc priests (D:8)
  Ijyb (D:2)
  2 giant frog skeletons
  Natasha (D:2)
  9 iguanas
  4 orc wizards
  6 hell rats
  5 worker ants
  14 sheep
  A hound skeleton (D:8)
  A worker ant zombie (D:8)
  34 river rats
  9 adders
  A shadow imp (D:7)
  2 oozes
  An adder skeleton (D:4)
  2 worms
  3 dart slugs
  6 giant geckos
  27 orcs
  11 giant cockroaches
  15 goblins
  7 hobgoblins
  14 kobolds
  3 quokkas
  A ball python (D:3)
  3 bats
  5 giant newts
  A quokka skeleton (D:8)
  11 rats
  A fungus (Lair:6)
351 creatures vanquished.

Vanquished Creatures (collateral kills)
  A hydra (Lair:7)
  2 elephants (Lair:6)
  A komodo dragon (Lair:7)
  4 blink frogs
  6 yaks
  A basilisk (Lair:6)
  2 hippogriffs
  3 iguanas
  2 water moccasins
  A hell hound (D:8)
  An ogre (D:4)
  A centaur (Lair:3)
  6 wolves
  2 crocodiles
  3 giant frogs (D:8)
  A scorpion (D:7)
  3 giant frog skeletons
  A worker ant (D:8)
  2 sheep (Lair:7)
  A howler monkey skeleton (D:8)
  5 river rats (Lair:5)
  A shadow imp (D:7)
  A giant gecko (D:8)
  A goblin (D:2)
  A rat (D:1)
  A fungus (Lair:4)
  2 plants
56 creatures vanquished.

Vanquished Creatures (others)
  4 slaves (D:7)
  An orc priest (D:7)
  A worker ant zombie (D:7)
  An orc (D:7)
  16 fungi
  3 plants
26 creatures vanquished.

Grand Total: 433 creatures vanquished

Notes
Turn   | Place    | Note
--------------------------------------------------------------
     0 | D:1      | raph the Deep Dwarf Necromancer began the quest for the Orb.
     0 | D:1      | Reached XP level 1. HP: 15/15 MP: 3/3
   101 | D:1      | Learned a level 1 spell: Animate Skeleton
   197 | D:1      | Reached XP level 2. HP: 20/22 MP: 2/4
   817 | D:1      | Reached XP level 3. HP: 10/30 MP: 0/6
   873 | D:1      | Learned a level 3 spell: Vampiric Draining
  1367 | D:2      | Reached skill level 5 in Necromancy
  2373 | D:2      | Reached skill level 1 in Fighting
  2374 | D:2      | Reached XP level 4. HP: 7/38 MP: 0/7
  2708 | D:2      | Noticed Natasha
  2715 | D:2      | Killed Natasha
  3034 | D:2      | Noticed Ijyb
  3047 | D:2      | Killed Ijyb
  3312 | D:2      | Reached XP level 5. HP: 15/44 MP: 1/8
  3784 | D:3      | Reached skill level 1 in Maces & Flails
  4664 | D:4      | Reached XP level 6. HP: 27/52 MP: 9/9
  4675 | D:4      | Learned a level 4 spell: Control Undead
  5519 | D:5      | Entered Level 5 of the Dungeon
  5921 | D:5      | Found a staircase to the Ecumenical Temple.
  5927 | Temple   | Entered the Ecumenical Temple
  6113 | Temple   | Became a worshipper of Makhleb the Destroyer
  6154 | D:5      | Reached XP level 7. HP: 31/61 MP: 6/10
  6667 | D:6      | Noticed Edmund
  6675 | D:6      | Killed Edmund
  7103 | D:6      | Reached skill level 5 in Dodging
  7113 | D:6      | Noticed Duvessa
  7136 | D:6      | Killed Duvessa
  7136 | D:6      | Reached skill level 1 in Armour
  7136 | D:6      | Reached XP level 8. HP: 44/69 MP: 2/11
  7479 | D:6      | Reached * piety under Makhleb
  7953 | D:7      | Noticed Pikel
  7956 | D:7      | Noticed Prince Ribbit
  7964 | D:7      | Killed Pikel
  8088 | D:7      | Found an oddly glowing altar of Pakellas.
  8271 | D:7      | Gained mutation: You passively map the area around you. [Deep Dwarf growth]
  8271 | D:7      | Reached XP level 9. HP: 26/78 MP: 2/12
  8518 | D:7      | Reached skill level 5 in Maces & Flails
  9159 | D:8      | Found a staircase to the Lair.
  9168 | D:8      | Reached ** piety under Makhleb
  9587 | D:8      | Found Efraki's Distillery.
  9597 | D:8      | Bought a potion of heal wounds for 70 gold pieces
  9597 | D:8      | Bought a potion of might for 56 gold pieces
  9597 | D:8      | Bought a potion of resistance for 140 gold pieces
  9618 | D:8      | Reached skill level 1 in Invocations
 10014 | D:8      | Reached skill level 1 in Evocations
 10392 | D:8      | Reached skill level 5 in Fighting
 10510 | D:8      | Found a white marble altar of Elyvilon.
 10629 | D:8      | Reached *** piety under Makhleb
 10635 | D:8      | Found a radiant altar of Vehumet.
 10771 | D:8      | Found a shadowy altar of Dithmenos.
 11058 | D:8      | Reached XP level 10. HP: 44/88 MP: 12/14
 11460 | Lair:1   | Entered Level 1 of the Lair of Beasts
 11510 | Lair:1   | Learned a level 4 spell: Animate Dead
 11638 | Lair:1   | Reached **** piety under Makhleb
 11808 | Lair:1   | Reached skill level 5 in Armour
 11905 | Lair:1   | Learned a level 2 spell: Blink
 12055 | Lair:1   | Reached skill level 1 in Translocations
 12088 | Lair:1   | Noticed a spiny frog
 12109 | Lair:1   | Killed a spiny frog
 12186 | Lair:1   | Noticed a black mamba
 12204 | Lair:1   | Killed a black mamba
 12334 | Lair:1   | Noticed a black mamba
 12349 | Lair:1   | Killed a black mamba
 12912 | Lair:1   | Reached ***** piety under Makhleb
 13302 | Lair:2   | Reached XP level 11. HP: 97/97 MP: 16/16
 13397 | Lair:2   | Learned a level 2 spell: Shroud of Golubria
 13844 | Lair:2   | Reached skill level 5 in Evocations
 14297 | Lair:2   | Reached skill level 5 in Invocations
 14362 | Lair:2   | Noticed a six-headed hydra
 14979 | Lair:3   | Noticed a four-headed hydra
 14994 | Lair:3   | Killed a four-headed hydra
 15365 | Lair:3   | Found a staircase to the Shoals.
 15719 | Lair:3   | Got a steaming buckler
 15725 | Lair:3   | Identified the +0 buckler "Izymi" {rElec rCorr SInv Stlth-} (You found it on level 3 of the Lair of Beasts)
 16147 | Lair:4   | Reached skill level 1 in Shields
 16187 | Lair:4   | Reached ****** piety under Makhleb
 17228 | Lair:4   | Reached XP level 12. HP: 77/106 MP: 13/19
 18094 | Lair:5   | Noticed IjonTichy1's ghost (journeyman DsAK)
 18681 | Lair:5   | Reached skill level 5 in Spellcasting
 19236 | Lair:6   | Reached skill level 10 in Maces & Flails
 19468 | Lair:6   | Reached skill level 10 in Necromancy
 19574 | Lair:6   | Noticed a six-headed hydra
 19585 | Lair:6   | Killed a six-headed hydra
 20105 | Lair:6   | Found a staircase to the Snake Pit.
 20478 | Lair:7   | Noticed a six-headed hydra
 20488 | Lair:7   | Killed a six-headed hydra
 20489 | Lair:7   | Found a viscous altar of Jiyva.
 20489 | Lair:7   | Found a staircase to the Slime Pits.
 20518 | Lair:7   | Reached skill level 5 in Shields
 20622 | Lair:7   | Noticed a seven-headed hydra
 20631 | Lair:7   | Killed a seven-headed hydra
 20631 | Lair:7   | Reached skill level 1 in Charms
 20846 | Lair:7   | Noticed Nessos
 20881 | Lair:7   | HP: 3/109 [Nessos/arrow (15)]
 20883 | Lair:7   | Shot with an arrow by Nessos

Skill      XL: |  1  2  3  4  5  6  7  8  9 10 11 12 |
---------------+-------------------------------------+-----
Spellcasting   | 2 3 4 5 |  5.4
Necromancy     | 5 6 7 9 10 | 10.1
Stealth        | 3 |  3.0
Fighting       | 1 2 3 4 5 6 7 |  7.4
Dodging        | 3 4 5 6 7 8 9 |  9.5
Maces & Flails | 1 2 3 4 6 7 9 10 | 10.4
Armour         | 1 2 4 5 |  5.7
Invocations    | 2 4 6 7 |  7.7
Evocations     | 2 4 5 7 |  7.0
Translocations | 2 4 |  4.5
Shields        | 2 5 |  5.2
Charms         | 1 |  1.0

Action                   |  1- 3 |  4- 6 |  7- 9 | 10-12 || total
-------------------------+-------+-------+-------+-------++-------
Melee: Whip              |    23 |    44 |   111 |   677 ||   855
       Flail             |       |       |     3 |       ||     3
       Morningstar       |       |       |     6 |       ||     6
Throw: Tomahawk          |       |       |     2 |     1 ||     3
 Cast: Pain              |    75 |    89 |   184 |   193 ||   541
       Animate Skeleton  |    16 |    19 |    25 |    47 ||   107
       Vampiric Draining |     5 |    18 |    37 |   173 ||   233
       Control Undead    |       |       |     2 |     1 ||     3
       Animate Dead      |       |       |       |    29 ||    29
       Shroud of Golubri |       |       |       |    23 ||    23
       Blink             |       |       |       |     2 ||     2
Invok: Major Destruction |       |       |       |     6 ||     6
       Lesser Servant of |       |       |       |     2 ||     2
Evoke: Wand              |     1 |     2 |     4 |    12 ||    19
  Use: Scroll            |       |    11 |     9 |    11 ||    31
       Potion            |       |       |       |     8 ||     8
 Stab: Sleeping          |     1 |     2 |     2 |       ||     5
  Eat: Chunk             |     6 |    13 |    18 |    41 ||    78
       Beef jerky        |       |     1 |       |     1 ||     2
       Meat ration       |       |       |     1 |       ||     1
       Bread ration      |       |       |       |     1 ||     1
       Royal jelly       |       |       |       |     1 ||     1
Armor: Robe              |     7 |    14 |     6 |       ||    27
       Leather armour    |       |       |    50 |   180 ||   230
Dodge: Dodged            |    17 |    62 |   149 |   708 ||   936
Block: Buckler           |       |       |       |    98 ||    98
